 Dungeon Crawl Stone Soup version 0.22-a0-252-gcace5d2 (webtiles) character file.

205 JeffiDaFish the Magician (level 5, 0/38 HPs)
             Began as a Draconian Wizard on Mar 1, 2018.
             Slain by an adder (3 damage)
             ... on level 3 of the Dungeon.
             The game lasted 00:05:54 (2418 turns).

JeffiDaFish the Magician (Draconian Wizard)         Turns: 2418, Time: 00:05:55

Health: 0/38       AC:  8    Str:  9    XL:     5   Next: 53%
Magic:  2/12       EV: 12    Int: 19    God:
Gold:   137        SH:  0    Dex: 10    Spells: 7/13 levels left

rFire    . . .     SeeInvis .   d - +0 scythe
rCold    . . .     Gourm    .   (shield currently unavailable)
rNeg     . . .     Faith    .   (armour unavailable)
rPois    .         Spirit   .   a - +2 hat
rElec    .         Reflect  .   h - scarf {cloud immunity}
rCorr    .         Harm     .   e - +0 pair of gloves
MR       .....                  (no boots)
Stlth    ++........             (no amulet)
HPRegen  0.12/turn              (no ring)
MPRegen  0.13/turn              (no ring)

@: very slightly contaminated
A: unfitting armour, cold-blooded, AC +5
a: no special abilities


You were on level 3 of the Dungeon.
You were hungry.

You visited 1 branch of the dungeon, and saw 3 of its levels.

You collected 137 gold pieces.

Inventory:

Hand Weapons
 d - a +0 scythe (weapon)
 i - a +0 spear
Armour
 a - a +2 hat (worn)
 e - a +0 pair of gloves (worn)
 h - a scarf of cloud immunity (worn)
Jewellery
 g - an uncursed ring of positive energy {unknown}
Scrolls
 b - a scroll of amnesia
 f - 3 scrolls of identify
Comestibles
 c - 4 rations


   Skills:
 - Level 2.0 Dodging
 - Level 1.7 Stealth
 - Level 0.4 Unarmed Combat
 * Level 4.7 Spellcasting
 * Level 3.6 Conjurations
   Level 1.0 Summonings
 - Level 1.0 Translocations
 + Level 0.0 Air Magic


You had 7 spell levels left.
You knew the following spells:

 Your Spells              Type           Power        Failure   Level  Hunger
a - Magic Dart            Conj           ###.         3%          1    None
b - Mephitic Cloud        Conj/Pois/Air  #.......     24%         3    ###....
c - Blink                 Tloc           N/A          13%         2    #......


Dungeon Overview and Level Annotations

Branches:
Dungeon (3/15)

Altars:
Kikubaaqudgha
Qazlal
Wu Jian


Innate Abilities, Weirdness & Mutations

Your plain brown scales are hard. (AC +5)
You cannot fit into any form of body armour.
You are cold-blooded and may be slowed by cold attacks.


Message History

Aiming: Magic Dart (safe; 3% risk of failure)
Press: ? - help, Shift-Dir - straight line, f/p - adder
Aim: an adder (heavily wounded)
The magic dart hits the adder.
The adder is almost dead.
The adder bites you.
* * * LOW HITPOINT WARNING * * *
The adder bites you.
* * * LOW HITPOINT WARNING * * *
Casting: Magic Dart (safe; 3% risk of failure)
Confirm with . or Enter, or press ? or * to list all spells.
You don't have enough magic to cast that spell.
You aren't carrying any potions.
You miss the adder.
Your tail-slap misses the adder.
The adder is almost dead.
The adder bites you but does no damage. x2
You barely miss the adder.
The adder is severely wounded.
The adder misses you. The adder bites you.
You die...

###### ....##
#.#########..#########.#
..........>............#
.......<.###...#########
#.######.#
###...#########
#.#######.##..[...#
#.@So## #.##......#
####bg###.........#
#######...###.......#
............#.......#
......b.............#
..).......##........#
.##.?..#..####......#
.....####.# #......#
..... ...# ###.<###


You could see an adder, an orc, a hobgoblin and a bat.

Vanquished Creatures
  Sigmund (D:2)
  An adder (D:2)
  A worm (D:2)
  A dart slug (D:1)
  2 leopard geckos
  A bat zombie (D:2)
  A giant cockroach (D:1)
  2 goblins (D:1)
  3 hobgoblins
  5 jackals
  7 bats
  2 frilled lizards (D:1)
  4 kobolds
  5 rats
  2 rat zombies (D:2)
38 creatures vanquished.

Notes
Turn   | Place    | Note
-------+----------+-------------------------------------------
     0 | D:1      | JeffiDaFish the Draconian Wizard began the quest for the Orb.
     0 | D:1      | Reached XP level 1. HP: 14/14 MP: 4/4
   396 | D:1      | Reached XP level 2. HP: 20/20 MP: 3/6
  1304 | D:2      | Reached XP level 3. HP: 19/26 MP: 8/8
  1321 | D:2      | Learned a level 3 spell: Mephitic Cloud
  1324 | D:2      | Learned a level 2 spell: Blink
  1402 | D:2      | Found an ancient bone altar of Kikubaaqudgha.
  1879 | D:2      | Found an ornate altar of the Wu Jian Council.
  1885 | D:2      | Found a stormy altar of Qazlal.
  2107 | D:2      | Noticed Sigmund
  2129 | D:2      | Killed Sigmund
  2129 | D:2      | Reached skill level 4 in Spellcasting
  2129 | D:2      | Reached XP level 4. HP: 30/33 MP: 2/10
  2129 | D:2      | Reached XP level 5. HP: 34/38 MP: 2/12
  2418 | D:3      | Slain by an adder

Vault maps used:
D:1:      lemuel_arrival_rhombus
D:2:      lemuel_zombie_altar_kikubaaqudgha, minitemple, uniq_sigmund
D:3:      first_ration, minmay_misc_feat_cross, uniq_jessica

Skill      XL: |  1  2  3 |
---------------+----------+-----
Dodging        | 2 |  2.0
Spellcasting   | 4 |  4.7
Conjurations   | 3 |  3.6
Stealth        | |  1.7
Unarmed Combat | |  0.4
Summonings     | |  1.0
Translocations | |  1.0

Action                   |  1- 3 |  4- 6 || total
-------------------------+-------+-------++-------
Melee: Unarmed           |    48 |       ||    48
       Tailslap          |     8 |       ||     8
       Hand axe          |    82 |       ||    82
       Spear             |     6 |       ||     6
       Scythe            |       |    44 ||    44
 Cast: Magic Dart        |    34 |     4 ||    38
       Mephitic Cloud    |     2 |     2 ||     4
       Blink             |     1 |       ||     1
  Use: Scroll            |     7 |     1 ||     8
       Potion            |     3 |       ||     3
 Stab: Sleeping          |     3 |     1 ||     4
       Confused          |     1 |     1 ||     2
  Eat: Chunk             |     4 |     1 ||     5
Armor: Skin              |    81 |    46 ||   127
Dodge: Dodged            |   127 |    78 ||   205

Table legend:
 A = Spawn XP
 B = Non-spawn XP
 C = Spawn XP percentage of total XP
 D = Spawn monster count
 E = Non-spawn monster count
 F = Spawn count percentage of total count
 G = Total turns spent on level
                    A         B        C        D         E        F      G
               +---------+---------+-------+---------+---------+-------+---------
         Total |       0 |     294 |   0.0 |       0 |      38 |   0.0 |  2418
               +---------+---------+-------+---------+---------+-------+---------
           D:1 |       0 |      35 |   0.0 |       0 |      21 |   0.0 |  1226
           D:2 |       0 |     256 |   0.0 |       0 |      14 |   0.0 |  1105
           D:3 |       0 |       3 |   0.0 |       0 |       3 |   0.0 |    87
               +---------+---------+-------+---------+---------+-------+---------
